 Dungeon Crawl Stone Soup version 0.28.0 (webtiles) character file.

Game seed: 16890227786072823245

63 inmateoo the Ducker (level 4, -1/35 HPs)
             Began as a Merfolk Wanderer on Feb 15, 2022.
             Frozen to death by an endoplasm (3 damage)
             ... on level 3 of the Dungeon.
             The game lasted 00:02:02 (1605 turns).

inmateoo the Ducker (Merfolk Wanderer)              Turns: 1605, Time: 00:02:02

Health: -1/35      AC:  7    Str: 10    XL:     4   Next: 10%
Magic:  3/5        EV: 15    Int: 13    God:
Gold:   79         SH:  0    Dex: 17    Spells: 4/5 levels left

rFire   . . .      SeeInvis .   a - +0 dagger
rCold   . . .      Faith    .   (no shield)
rNeg    . . .      Spirit   .   c - +2 leather armour
rPois   .          Reflect  .   (no helmet)
rElec   .          Harm     .   (no cloak)
rCorr   .          Rampage  .   (no gloves)
Will    .....                   (no boots)
Stlth   +.........              (no amulet)
HPRegen 0.11/turn               (no ring)
MPRegen 0.09/turn               (no ring)

@: attractive
A: (nimble swimmer 2), mertail, iridescent scales 1, agile 1
a: no special abilities


You were on level 3 of the Dungeon.
You visited 1 branch of the dungeon, and saw 3 of its levels.

You collected 79 gold pieces.

Inventory:

Hand Weapons
 a - a +0 dagger (weapon)
Armour
 c - a +2 leather armour (worn)
Scrolls
 d - a scroll of teleportation {unknown}
 e - a scroll of enchant armour {unknown}
 f - a scroll of silence {unknown}
 i - a scroll of holy word {unknown}


   Skills:
 * Level 3.5 Fighting
 + Level 7.2 Dodging
 - Level 1.0 Spellcasting
 - Level 3.2 Poison Magic


You had 4 spell levels left.
You knew the following spells:

 Your Spells              Type           Power      Damage    Failure   Level
a - Sting                 Tmut/Pois      16%        1d3       21%         1

Your spell library contained the following spells:

 Spells                   Type           Power      Damage    Failure   Level
 Mephitic Cloud           Conj/Pois/Air  3%         N/A       58%         3


Dungeon Overview and Level Annotations

Branches:
Dungeon (3/15)

Altars:
Yredelemnul


Innate Abilities, Weirdness & Mutations

((You are very nimble when in or above water. (Stealth+, EV+, Speed+++)))
Your lower body shifts to a powerful aquatic tail in water.
You are partially covered in iridescent scales. (AC +2)
You are agile. (Dex +2)


Message History

Casting: Sting (safe; 21% risk of failure)
Confirm with . or Enter, or press ? or * to list all spells.
Aiming: Sting (safe; 21% risk of failure)
Press: ? - help, Shift-Dir - straight line, f/p - ufetubus
Aim: an ufetubus (severely wounded, poisoned, 43% to hit)
The sting misses the ufetubus.
The sting hits the hound skeleton.
The hound skeleton partially resists.
The hound skeleton is lightly damaged.
The ufetubus closely misses you. The ufetubus completely misses you.
The ufetubus hits you but does no damage.
The ufetubus hits you.
* * * LOW HITPOINT WARNING * * *
You kill the ufetubus!
The hound skeleton misses you. The hound skeleton misses you.
The hound skeleton barely misses you. The hound skeleton bites you.
* * * LOW HITPOINT WARNING * * *
There is a stone staircase leading down here.
The hound skeleton bites you but does no damage.
The hound skeleton barely misses you.
You climb downwards.
The endoplasm quivers.
The endoplasm is attracted toward you. The goblin is attracted toward you.
Found 10 gold pieces.
There is a stone staircase leading up here.
The goblin is attracted toward you.
The goblin shouts!
The endoplasm is attracted toward you. The goblin is attracted toward you.
Casting: Sting (safe; 21% risk of failure)
Confirm with . or Enter, or press ? or * to list all spells.
Aiming: Sting (safe; 21% risk of failure)
Press: ? - help, Shift-Dir - straight line, f - endoplasm
Aim: an endoplasm (97% to hit)
The sting hits the endoplasm.
The endoplasm partially resists.
The endoplasm is poisoned.
The endoplasm is lightly wounded.
The endoplasm freezes you.
You are frozen.
You die...

# ##.
####...####
.........# #..
#@#
#..###J######
#.§§g......#
#...##.##.#.#
#.#§. ..$# #
...§.. ..... #
§..........#
#............#
.............#


You could see an endoplasm (poisoned) and a goblin.

Vanquished Creatures
  A howler monkey zombie (D:2)
  An ufetubus (D:2)
  5 ball pythons
  3 endoplasms (D:1)
  5 giant cockroaches
  2 goblins
  4 hobgoblins
  3 quokkas
  A ball python skeleton (D:2)
  5 bats
  4 frilled lizards
  4 kobolds
  6 rats
44 creatures vanquished.

Vanquished Creatures (others)
  A withered plant (D:2)
1 creature vanquished.

Grand Total: 45 creatures vanquished

Notes
Turn   | Place    | Note
-------+----------+-------------------------------------------
     0 | D:1      | inmateoo the Merfolk Wanderer began the quest for the Orb.
     0 | D:1      | inmateoo set off with the following items: a +0 dagger, a
                  | potion of curing, a +2 leather armour; and the following
                  | spell memorised: Sting; and the following spells available
                  | to memorise: Mephitic Cloud
     0 | D:1      | Reached XP level 1. HP: 15/15 MP: 2/2
   287 | D:1      | Reached XP level 2. HP: 21/22 MP: 3/3
   794 | D:1      | Reached XP level 3. HP: 23/28 MP: 4/4
   849 | D:1      | Found a faded altar of an unknown god.
   889 | D:1      | Reached skill level 7 in Dodging
  1480 | D:2      | Found a basalt altar of Yredelemnul.
  1563 | D:2      | Reached XP level 4. HP: 35/35 MP: 5/5
  1578 | D:2      | Gained mutation: You are partially covered in iridescent
                  | scales. (AC +2) [potion of mutation]
  1578 | D:2      | Gained mutation: You are agile. (Dex +2) [potion of
                  | mutation]
  1597 | D:2      | HP: 1/35 [hound skeleton (3)]
  1605 | D:3      | Frozen to death by an endoplasm

Illustrated notes

Levels and vault maps discovered:
D:1:      dpeg_arrival_refuge, layout_loops_corners,
          shapermc_ecumenical_altar_venn, nrook_uturn
D:2:      layout_rooms, basic_altar, serial_undead, serial_undead_e,
          serial_undead_f, serial_undead_e, serial_undead_f,
          amcnicky_mini_rare_corridor_liquid
D:3:      layout_loops_ring, amethyst_overflow_temple_binary,
          nicolae_qazlal_general_emergency, minmay_misc_feat_alley

Skill      XL: |  1  2  3 |
---------------+----------+-----
Fighting       | 2 3 |  3.5
Dodging        | 7 |  7.2
Spellcasting   | |  1.0
Poison Magic   | |  3.2

Action                   |  1- 3 |  4- 6 || total
-------------------------+-------+-------++-------
Melee: Dagger            |   234 |    15 ||   249
       Punch             |     2 |       ||     2
       Tailslap          |     2 |       ||     2
 Cast: Sting             |       |     4 ||     4
  Use: Potion            |       |     5 ||     5
 Stab: Sleeping          |     1 |       ||     1
Armor: Leather armour    |    60 |    12 ||    72
Dodge: Dodged            |   200 |    44 ||   244
